 Dungeon Sprint DCSS version 0.27.0-65-ge2af304b15 (webtiles) character file.

Game seed: 16086117281013956584

6939 styxcanada the Imperceptible (level 10, -13/55 HPs)
             Began as a Spriggan Brigand on Aug 18, 2021.
             Was an Initiate of Gozag.
             Mangled by a spriggan berserker (32 damage)
             ... in the Dungeon (Sprint IV: "Fedhas' Mad Dash").
             The game lasted 00:14:34 (1209 turns).

styxcanada the Imperceptible (Spriggan Brigand)     Turns: 1209, Time: 00:14:34

Health: -13/55     AC:  7    Str:  7    XL:     10   Next: 80%
Magic:  17/19      EV: 26    Int: 13    God:    Gozag
Gold:   1221       SH:  0    Dex: 20    Spells: 12/20 levels left

rFire    + + .     SeeInvis +   r - +10 long sword "Dejutof" {drain, rF+}
rCold    + . .     Faith    .   (shield restricted)
rNeg     . . .     Spirit   .   s - +0 robe {rC+ rF+}
rPois    .         Reflect  .   (helmet restricted)
rElec    .         Harm     .   c - +0 cloak
rCorr    .         Rampage  .   (gloves unavailable)
Will     +....     NoTele   +   (boots unavailable)
Stlth    +++++++++.             n - amulet of invisibility {+Inv}
HPRegen  0.18/turn              t - +4 ring of protection
MPRegen  0.16/turn              (no ring)

@: gold aura, very slightly contaminated, invisible, very quick
A: very small, no large weapons, unfitting armour, see invisible, speed 3
a: Renounce Religion, Evoke Invisibility, Potion Petition, Call Merchant, Bribe
Branch


You were in the Dungeon.
You worshipped Gozag.
Gozag was most pleased with you.
You visited 1 branch You collected 2465 gold pieces.
You spent 1244 gold pieces at shops.

Inventory:

Hand Weapons
 a - a +2 dagger
 r - the +10 long sword "Dejutof" (weapon) {drain, rF+}
   (You bought it in a shop in the Dungeon)

   A truly terrible weapon, it drains the life of any living foe it strikes.
   rF:        It protects you from fire.
Missiles
 d - 8 poisoned darts (quivered)
 e - a curare-tipped dart
 l - 14 sling bullets
Armour
 c - a +0 cloak (worn)
 j - a +0 buckler
 p - a +1 robe of willpower
 s - a +0 robe of resistance (worn)
Jewellery
 n - the amulet of invisibility (around neck) {+Inv}
   (You found it in the Dungeon)

   [amulet of nothing]

   +Inv:      It lets you turn invisible.
 q - the ring "Irrotipt" {+Blink rElec rPois MP+9 Dex-3}
   (You found it in the Dungeon)

   [ring of poison resistance]

   Dex:       It affects your dexterity (-3).
   rElec:     It insulates you from electricity.
   rPois:     It protects you from poison.
   MP:        It affects your magic capacity (+9).
   +Blink:    It lets you blink.
 t - a +4 ring of protection (left hand)
Scrolls
 k - a scroll of blinking
 o - a scroll of summoning {unknown}
Potions
 b - a potion of might {unknown}
 f - a potion of curing
 g - a potion of heal wounds
 h - a potion of haste
 i - 2 potions of magic
Miscellaneous
 m - a tin of tremorstones (2/2)


   Skills:
 * Level 7.2 Fighting
 + Level 5.8(6.6) Short Blades
 + Level 3.3(4.4) Long Blades
 + Level 6.2 Throwing
 * Level 11.1 Dodging
 * Level 23.3 Stealth
 * Level 5.9 Spellcasting
 * Level 7.1 Translocations
 * Level 6.4 Transmutations
 * Level 4.6 Poison Magic
 * Level 12.4 Evocations


You had 12 spell levels left.
You knew the following spells:

 Your Spells              Type           Power      Damage    Failure   Level
a - Blink                 Tloc           N/A        N/A       1%          2
b - Eringya's Noxious Bo  Tmut/Pois      9%         N/A       95%         6

Your spell library contained the following spells:

 Spells                   Type           Power      Damage    Failure   Level
 Beastly Appendage        Tmut           40%        N/A       1%          1
 Shock                    Conj/Air       12%        1d3       17%         1
 Manifold Assault         Tloc           22%        N/A       26%         5
 Iskenderun's Mystic Bla  Conj/Tloc      13%        2d5       36%         4
 Dazzling Flash           Conj/Hex       6%         N/A       45%         3
 Summon Forest            Summ/Tloc      6%         N/A       73%         5
 Summon Ice Beast         Ice/Summ       3%         N/A       86%         4
 Freezing Cloud           Conj/Ice/Air   1%         6-21      99%         5
 Summon Mana Viper        Hex/Summ       3%         N/A       99%         5
 Starburst                Conj/Fire      1%         6d3       100%        6
 Monstrous Menagerie      Summ           1%         N/A       100%        7
 Storm Form               Tmut/Air       6%         N/A       100%        7
 Summon Hydra             Summ           1%         N/A       100%        7


Dungeon Overview and Level Annotations

Branches:
Dungeon (1/1)

Altars:
Cheibriados
Dithmenos
Elyvilon
Gozag
Hepliaklqana
Kikubaaqudgha
Makhleb
Nemelex Xobeh
Okawaru
Qazlal
Ru
Sif Muna
Trog
Uskayaw
Vehumet
Wu Jian
Xom
Yredelemnul
Zin
The Shining One
Beogh
Jiyva
Lugonu

Shops:
D [:[[([*=


Innate Abilities, Weirdness & Mutations

You are very small and have problems with some larger weapons.
You are too small for most types of armour.
You have supernaturally acute eyesight. (SInv)
You cover ground extremely quickly. (Speed+++)


Message History

There is an open door here.
A spriggan berserker comes into view. It is wielding a +0 hand axe.
Found Usoa's Antique Armour Emporium.
The spriggan berserker shouts!
Found Qiafynups's Armour Shoppe.
The helpless Agnes fails to defend herself.
You spit Agnes like a pig!!!!!
You kill Agnes!
The spriggan berserker is distracted by your dazzling golden aura.
Your Fighting skill increases to level 7!
Your base Long Blades skill increases to level 3!
Your Dodging skill increases to level 11!
Your Stealth skill increases to level 23!
Your Translocations skill increases to level 7!
Your Transmutations skill increases to level 6!
Your Evocations skill increases to level 12!
You strike the helpless spriggan berserker from behind!
You stick the spriggan berserker like a pincushion!!!
The spriggan berserker is no longer distracted by gold.
The spriggan berserker is almost dead.
The spriggan berserker prays to Trog.
The death yak goes berserk!
You hit the spriggan berserker but do no damage.
The spriggan berserker is almost dead.
You hit the spriggan berserker.
The spriggan berserker is almost dead.
The spriggan berserker hits you with a +0 hand axe!
The death yak completely misses you.
The spriggan berserker mumbles some strange prayers to Trog.
The spriggan berserker goes berserk!
There is an open door here.
You sense an unholy aura.
r - the +10 long sword "Dejutof" (weapon)
{drain, rF+} The spriggan berserker hits you with a +0 hand axe!!
You closely miss the spriggan berserker.
The spriggan berserker is almost dead.
The spriggan berserker hits you with a +0 hand axe!!
Ouch! That really hurt!
You die...
Your body crumbles into a pile of gold.

#.⌠._._._._.⌠.#..'...#....##∩##.#
'.._._._._._..'..#...#....').##'#
#..._._._._...#..###'##.[.##∩#..#
#.._._._._._..#..##∩∩.'...#####..
#._._._._._.⌠.#################..
###################.....[###)....
#♣♣♣♣♣..♣)###.'.)'.......'.))..♣.
......♣..♣##..#..#.P.....########
♣..♣♣♣.♣).###.##@##.P....#
.♣♣..♣...♣'...#♣i♣######## #
#############.....####
#..♣..♣....# #...♣Y.....♣..
......♣.$...∩.∩. ################


You could see a death yak (summoned, wandering, berserk) and a spriggan
berserker (berserk).

Vanquished Creatures
  Agnes (D)
  A spriggan druid (D)
  6 oklob plants (D)
  A demonic crawler (D)
  3 burning bushes (D)
  A hornet (D)
  A queen bee (D)
  3 wandering mushrooms (D)
  3 scorpions (D)
  4 killer bees (D)
  5 oklob saplings (D)
  5 spriggans (D)
  A river rat (D)
  A rat (D)
  A ballistomycete spore (D)
37 creatures vanquished.

Notes
Turn   | Place    | Note
-------+----------+-------------------------------------------
     0 | D        | styxcanada the Spriggan Brigand began the quest for the
                  | Orb.
     0 | D        | Reached XP level 1. HP: 10/10 MP: 2/2
     9 | D        | Reached skill level 7 in Stealth
     9 | D        | Reached XP level 2. HP: 15/15 MP: 3/3
    11 | D        | Reached skill level 8 in Stealth
    17 | D        | Noticed an oklob sapling
    19 | D        | Killed an oklob sapling
    20 | D        | Reached skill level 10 in Stealth
    20 | D        | Reached XP level 3. HP: 18/18 MP: 4/4
    21 | D        | Found the amulet of invisibility {+Inv}
    21 | D        | Noticed a scorpion
    38 | D        | Killed a scorpion
    39 | D        | Reached skill level 12 in Stealth
    39 | D        | Reached XP level 4. HP: 23/23 MP: 5/5
    75 | D        | Found an opulent altar of Gozag.
    75 | D        | Found a hazy altar of Hepliaklqana.
    75 | D        | Found a burning altar of Makhleb.
    75 | D        | Found a sparkling altar of Nemelex Xobeh.
    75 | D        | Found a snail-covered altar of Cheibriados.
    75 | D        | Found a sacrificial altar of Ru.
    75 | D        | Found a shimmering blue altar of Sif Muna.
    75 | D        | Found a shimmering altar of Xom.
    75 | D        | Found a basalt altar of Yredelemnul.
    76 | D        | Found a viscous altar of Jiyva.
    76 | D        | Found a bloodstained altar of Trog.
    76 | D        | Found an ornate altar of the Wu Jian Council.
    77 | D        | Found an iron altar of Okawaru.
    77 | D        | Found a shadowy altar of Dithmenos.
    77 | D        | Found a glowing silver altar of Zin.
    78 | D        | Found an ancient bone altar of Kikubaaqudgha.
    78 | D        | Found a hide-covered altar of Uskayaw.
    79 | D        | Found a stormy altar of Qazlal.
    79 | D        | Found a white marble altar of Elyvilon.
    79 | D        | Found a glowing golden altar of the Shining One.
    80 | D        | Became a worshipper of Gozag Ym Sagoz the Greedy
    81 | D        | Found a corrupted altar of Lugonu.
    81 | D        | Found a radiant altar of Vehumet.
    85 | D        | Reached skill level 13 in Stealth
    85 | D        | Reached skill level 1 in Evocations
    85 | D        | Reached XP level 5. HP: 28/28 MP: 3/6
   143 | D        | Reached skill level 14 in Stealth
   179 | D        | Reached skill level 5 in Dodging
   222 | D        | Reached skill level 15 in Stealth
   222 | D        | Reached XP level 6. HP: 15/33 MP: 7/7
   264 | D        | Found Jiubas's Book Shop.
   264 | D        | Found Lelyrch's Antique Armour Emporium.
   272 | D        | Bought a runed robe for 107 gold pieces
   292 | D        | Noticed a burning bush
   292 | D        | Noticed a wandering mushroom
   293 | D        | Noticed a wandering mushroom
   296 | D        | Killed a burning bush
   297 | D        | Reached skill level 16 in Stealth
   297 | D        | Killed a wandering mushroom
   298 | D        | Reached skill level 17 in Stealth
   298 | D        | Reached skill level 5 in Evocations
   298 | D        | Reached XP level 7. HP: 24/38 MP: 5/8
   298 | D        | Killed a wandering mushroom
   299 | D        | Reached skill level 5 in Fighting
   299 | D        | Reached skill level 5 in Throwing
   299 | D        | Reached skill level 18 in Stealth
   408 | D        | Found Funeexzi's Armour Emporium.
   408 | D        | Found Qoismush's Antique Weapon Shoppe.
   411 | D        | Identified the ring "Irrotipt" {+Blink rElec rPois MP+9
                  | Dex-3}
   414 | D        | Bought a shimmering long sword for 246 gold pieces
   414 | D        | Identified the +10 long sword "Dejutof" {drain, rF+} (You
                  | bought it in a shop in the Dungeon)
   416 | D        | Bought a +0 robe of resistance for 360 gold pieces
   512 | D        | Reached XP level 8. HP: 43/43 MP: 6/9
   518 | D        | Noticed a queen bee
   525 | D        | Killed a queen bee
   526 | D        | Reached skill level 5 in Short Blades
   526 | D        | Reached skill level 19 in Stealth
   579 | D        | Noticed an oklob plant
   582 | D        | Killed an oklob plant
   583 | D        | Reached skill level 20 in Stealth
   645 | D        | Noticed a burning bush
   661 | D        | Killed a burning bush
   662 | D        | Reached XP level 9. HP: 39/48 MP: 10/10
   665 | D        | Learned a level 2 spell: Blink
   731 | D        | Learned a level 6 spell: Eringya's Noxious Bog
   732 | D        | Noticed a burning bush
   732 | D        | Noticed an oklob plant
   733 | D        | Noticed a wandering mushroom
   734 | D        | Killed a burning bush
   735 | D        | Reached skill level 1 in Long Blades
   735 | D        | Reached skill level 1 in Spellcasting
   735 | D        | Reached skill level 1 in Translocations
   735 | D        | Reached skill level 1 in Transmutations
   740 | D        | Killed an oklob plant
   741 | D        | Reached skill level 21 in Stealth
   741 | D        | Reached skill level 1 in Poison Magic
   743 | D        | Killed a wandering mushroom
   822 | D        | Noticed a spriggan druid
   824 | D        | Killed a spriggan druid
   825 | D        | Reached skill level 10 in Dodging
   825 | D        | Reached skill level 10 in Evocations
   910 | D        | Noticed an oklob plant conjurer
   911 | D        | Killed an oklob plant conjurer
   913 | D        | Got the Papyrus of Mutagenic Attacks
   967 | D        | Noticed an oklob plant
   967 | D        | Noticed an oklob plant summoner
   968 | D        | Noticed an oklob plant shifter
   972 | D        | Killed an oklob plant
   973 | D        | Reached skill level 22 in Stealth
   973 | D        | Reached XP level 10. HP: 53/53 MP: 13/17
   974 | D        | Killed an oklob plant summoner
   975 | D        | Reached skill level 5 in Translocations
   980 | D        | Killed an oklob plant shifter
   981 | D        | Reached skill level 5 in Transmutations
  1060 | D        | Noticed a spriggan rider
  1061 | D        | Found Gugrat's Assorted Antiques.
  1077 | D        | Reached skill level 5 in Spellcasting
  1082 | D        | Found Tick's Jewellery Shoppe.
  1108 | D        | Bought a scroll labelled XIDOKY YGIOKK for 27 gold pieces
  1110 | D        | Bought a +4 ring of protection for 504 gold pieces
  1194 | D        | Noticed Agnes
  1196 | D        | Found Usoa's Antique Armour Emporium.
  1196 | D        | Noticed a spriggan berserker
  1198 | D        | Found Qiafynups's Armour Shoppe.
  1200 | D        | Killed Agnes
  1201 | D        | Reached skill level 23 in Stealth
  1202 | D        | Noticed a death yak
  1209 | D        | Mangled by a spriggan berserker

Illustrated notes

Levels and vault maps discovered:
D:        dungeon_sprint_fedhas [sprint_temple]

Skill      XL: |  1  2  3  4  5  6  7  8  9 10 |
---------------+-------------------------------+-----
Dodging        | 2 3 4 5 7 8 9 10 11 | 11.1
Stealth        | 7 10 12 13 15 17 18 20 22 23 | 23.3
Fighting       | 2 3 4 5 6 7 |  7.2
Short Blades   | 3 4 5 |  5.8
Evocations     | 1 3 5 6 8 10 12 | 12.4
Throwing       | 3 4 5 6 |  6.2
Long Blades    | 1 3 |  3.3
Spellcasting   | 4 5 |  5.9
Translocations | 4 7 |  7.1
Transmutations | 4 6 |  6.4
Poison Magic   | 3 4 |  4.6

Action                   |  1- 3 |  4- 6 |  7- 9 | 10-12 || total
-------------------------+-------+-------+-------+-------++-------
Melee: Dagger            |     4 |    10 |    19 |    11 ||    44
       Long sword        |       |       |    11 |    10 ||    21
Throw: Dart              |     4 |    13 |       |       ||    17
 Abil: Evoke Invisibilit |       |     3 |     7 |     2 ||    12
  Use: Scroll            |       |       |     3 |       ||     3
       Potion            |       |       |       |     1 ||     1
 Stab: Sleeping          |     3 |     4 |    17 |     3 ||    27
       Distracted        |       |       |       |     1 ||     1
       Invisible         |       |       |       |     1 ||     1
Dodge: Dodged            |     3 |    10 |     4 |    12 ||    29
       Rpst.: Long sword |       |       |       |     5 ||     5
